 Dungeon Crawl Stone Soup version 0.30-a0-439-g9e77e4d916 (webtiles) character file.

Game seed: 1953232759022973278

3635 porpoise the Basher (level 10, -1/91 HPs)
             Began as a Hill Orc Monk on Dec 11, 2022.
             Was a Believer of Qazlal.
             Slain by a wyvern (8 damage)
             ... on level 8 of the Dungeon.
             The game lasted 00:27:28 (7706 turns).

porpoise the Basher (Hill Orc Monk)                 Turns: 7706, Time: 00:27:28

Health: -1/91      AC:  8    Str: 19    XL:     10   Next: 11%
Magic:  15/15      EV: 11    Int: 10    God:    Qazlal [**....]
Gold:   489        SH:  0    Dex: 13    Spells: 9/9 levels left

rFire   . . .      SeeInvis .    D - +0 war axe
rCold   . . .      Faith    .    (no shield)
rNeg    . . .      Spirit   .    C - +0 ring mail
rPois   .          Reflect  +    t - +0 helmet
rElec   .          Harm     .    (no cloak)
rCorr   +          Rampage  .    y - +0 pair of gloves
Will    +....                    (no boots)
Stlth   ..........               w - amulet of reflection
HPRegen 0.35/turn                x - ring of willpower
MPRegen 0.14/turn                H - ring of resist corrosion

@: confused, ambrosia-drunk
A: no striking features
a: Renounce Religion, Upheaval


You were on level 8 of the Dungeon.
You worshipped Qazlal.
Qazlal was pleased with you.
You visited 2 branches of the dungeon, and saw 9 of its levels.

You collected 489 gold pieces.

Inventory:

Hand Weapons
 a - the +7 flail of the Firefly {protect, rN+}
   (You found it on level 5 of the Dungeon)

   It grants its wielder temporary protection when it strikes (+7 to AC).
   rN:        It protects you from negative energy.
 b - a +0 dire flail
 D - a +0 war axe (weapon)
Missiles
 n - 5 atropa-tipped darts
 q - 6 boomerangs (quivered)
 r - 4 poisoned darts
 s - a throwing net
 K - a curare-tipped dart
Armour
 d - a +0 chain mail
 t - a +0 helmet (worn)
 y - a +0 pair of gloves (worn)
 C - a +0 ring mail (worn)
Jewellery
 w - an amulet of reflection (around neck)
 x - a ring of willpower (left hand)
 H - a ring of resist corrosion (right hand)
 I - a ring of fire
 J - a ring of ice
Wands
 G - a wand of charming (1)
Scrolls
 f - a scroll of magic mapping {unknown}
 h - a scroll of enchant armour {unknown}
 i - a scroll of noise {unknown}
 j - 5 scrolls of teleportation
 l - a scroll of blinking
 o - a scroll of immolation {unknown}
 v - a scroll of enchant weapon {unknown}
 z - 2 scrolls of vulnerability {unknown}
 A - a scroll of amnesia {unknown}
 L - a scroll of summoning {unknown}
Potions
 c - 3 potions of ambrosia
 g - 2 potions of might
 k - 2 potions of flight
 p - a potion of attraction
 u - a potion of brilliance
 B - 2 potions of haste
 F - a potion of mutation {unknown}


   Skills:
 - Level 9.0 Fighting
 - Level 8.3(11.0) Axes
 + Level 9.5(10.5) Maces & Flails
 + Level 4.6 Armour
 - Level 2.4 Dodging
 - Level 1.5 Stealth
 + Level 6.7 Invocations


You had 9 spell levels left.
You didn't know any spells.
Your spell library contained the following spells:

 Spells                   Type           Power      Damage    Failure   Level
 Apportation              Tloc           0%         N/A       54%         1
 Necrotise                Necr           0%         1d4       54%         1
 Summon Small Mammal      Summ           0%         N/A       54%         1
 Blink                    Tloc           0%         N/A       67%         2
 Momentum Strike          Conj/Tloc      0%         3d8       67%         2
 Scorch                   Fire           0%         2d5       67%         2
 Lesser Beckoning         Tloc           0%         N/A       88%         3
 Vampiric Draining        Necr           0%         2d6       88%         3
 Flame Wave               Conj/Fire      0%         2d4       99%         4
 Manifold Assault         Tloc           0%         N/A       99%         4
 Agony                    Necr           0%         N/A       100%        5
 Summon Cactus Giant      Summ           0%         N/A       100%        6
 Storm Form               Tmut/Air       0%         N/A       100%        7


Dungeon Overview and Level Annotations

Branches:
Dungeon (8/15)             Temple (1/1) D:7            Lair (0/5) D:8

Altars:
Cheibriados
Elyvilon
Hepliaklqana
Kikubaaqudgha
Okawaru
Qazlal
Trog
Uskayaw
Yredelemnul
Zin

Annotations:
D:4 3 runed translucent doors, cforsyth's ghost, amateur MiBe; p00ps00p's ghost, amateur HOFi


Message History

You barely miss the wyvern. You hit the wyvern. You barely miss the yak.
The wyvern bites you but does no damage.
You block the yak's attack.
The wyvern bites you but does no damage.
You hit the wyvern.
The wyvern is moderately wounded.
You hit the wyvern but do no damage. You hit the yak but do no damage.
You block the wyvern's attack.
The wyvern is struck by lightning.
The wyvern bites you.
* * * LOW HITPOINT WARNING * * *
The yak gores you but does no damage. The wyvern bites you.
* * * LOW HITPOINT WARNING * * *
The wyvern is struck by lightning.
You kill the wyvern!
Qazlal accepts your kill.
You slash the wyvern!
The wyvern is almost dead.
You barely miss the yak. The wyvern bites you.
* * * LOW HITPOINT WARNING * * *
The yak barely misses you.
Unknown command.
You completely miss the wyvern.
The wyvern is almost dead.
You hit the yak. The wyvern completely misses you. The yak misses you.
The wyvern bites you but does no damage.
You barely miss the wyvern.
The wyvern is almost dead.
You hit the yak.
The wyvern bites you but does no damage.
You block the yak's attack.
Unknown command.
You barely miss the wyvern.
The wyvern is almost dead.
You hit the yak. The wyvern closely misses you. The yak closely misses you.
The wyvern bites you!
* * * LOW HITPOINT WARNING * * *
Unknown command.
You are confused.
You feel invigorated. The wyvern bites you!
You die...

#.... #...
##... #...#
###...###
#.##...[...#
##.....l○..#
PP.....@...#
..[...[÷Y#.#
.........#
$....♣.###
...P.P.
.P..... P..
P.. >......


You could see a yak and a wyvern.

Vanquished Creatures
  4 wyverns
  3 yaks (D:8)
  3 steam dragons (D:6)
  3 water moccasins
  2 black bears (D:7)
  3 ogres
  A centaur (D:6)
  A phantom (D:6)
  A kobold brigand (D:7)
  A bullfrog (D:8)
  3 scorpions (D:5)
  A wight (D:8)
  3 killer bees (D:7)
  A howler monkey (D:6)
  A crimson imp (D:7)
  6 hounds
  4 orc priests
  6 iguanas
  3 orc wizards
  7 adders
  5 gnolls
  A shadow imp (D:6)
  A white imp (D:7)
  An ufetubus (D:5)
  A worm (D:3)
  7 dart slugs
  16 orcs
  2 bats
  7 endoplasms
  4 giant cockroaches
  4 goblins
  7 hobgoblins
  3 quokkas
  11 ball pythons
  7 frilled lizards
  5 kobolds
  2 rats
141 creatures vanquished.

Vanquished Creatures (others)
  A killer bee (D:7)
  2 fungi (D:8)
  6 plants (D:8)
9 creatures vanquished.

Grand Total: 150 creatures vanquished

Notes
Turn   | Place    | Note
-------+----------+-------------------------------------------
     0 | D:1      | porpoise the Hill Orc Monk began the quest for the Orb.
     0 | D:1      | Reached XP level 1. HP: 19/19 MP: 1/1
   262 | D:1      | Reached XP level 2. HP: 27/27 MP: 2/2
   780 | D:1      | Reached skill level 5 in Axes
   780 | D:1      | Reached XP level 3. HP: 29/33 MP: 3/3
  1886 | D:2      | Reached XP level 4. HP: 38/41 MP: 4/4
  2366 | D:3      | Reached XP level 5. HP: 43/47 MP: 5/5
  3079 | D:4      | Reached skill level 5 in Fighting
  3232 | D:4      | Reached XP level 6. HP: 21/56 MP: 6/6
  3496 | D:4      | Found a runed translucent gate.
  3497 | D:4      | Found a runed translucent gate.
  3510 | D:4      | Found a runed translucent gate.
  3632 | D:4      | Found a hide-covered altar of Uskayaw.
  3971 | D:4      | Noticed p00ps00p's ghost (amateur HOFi)
  3972 | D:4      | Noticed cforsyth's ghost (amateur MiBe)
  3985 | D:5      | Entered Level 5 of the Dungeon
  4075 | D:5      | Found a glowing silver altar of Zin.
  4078 | D:5      | Found a hazy altar of Hepliaklqana.
  4078 | D:5      | Found a white marble altar of Elyvilon.
  4080 | D:5      | Found a bloodstained altar of Trog.
  4298 | D:5      | Reached skill level 1 in Maces & Flails
  4298 | D:5      | Reached XP level 7. HP: 56/63 MP: 7/7
  4551 | D:5      | Identified the +7 flail of the Firefly {protect, rN+}
  4831 | D:6      | Noticed a steam dragon
  4841 | D:6      | Killed a steam dragon
  4842 | D:6      | Noticed a steam dragon
  4856 | D:5      | Reached XP level 8. HP: 37/73 MP: 8/8
  5019 | D:6      | Reached skill level 5 in Maces & Flails
  6019 | D:7      | Found a staircase to the Ecumenical Temple.
  6030 | Temple   | Entered the Ecumenical Temple
  6080 | Temple   | Became a worshipper of Qazlal Stormbringer
  6080 | Temple   | Reached * piety under Qazlal
  6080 | Temple   | Reached ** piety under Qazlal
  6239 | D:7      | Reached skill level 1 in Invocations
  6239 | D:7      | Reached XP level 9. HP: 59/82 MP: 8/10
  7264 | D:7      | Reached skill level 1 in Armour
  7431 | D:8      | Found a staircase to the Lair.
  7441 | D:8      | Reached skill level 5 in Invocations
  7457 | D:8      | Reached XP level 10. HP: 12/91 MP: 14/14
  7705 | D:8      | HP: 4/91 [wyvern (10)]
  7706 | D:8      | Slain by a wyvern

Illustrated notes

Levels and vault maps discovered:
D:1:      wheals_arrival_linesprint, layout_loops_corners,
          hangedman_decor_clover_reticule, grunt_decor_clamped
D:2:      layout_rooms
D:3:      layout_loops_ring, minmay_diced_spiral
D:4:      layout_cave_pools, mainiacjoe_overflow_cross_hatched,
          gammafunk_ghost_cemetery
D:5:      layout_basic, grunt_temple_overflow_open, dreamdust_wishing_well
D:6:      cheibrodos_steamvent, layout_cave_pools, minmay_strange_pillars,
          kennysheep_generic_room_6
D:7:      layout_basic, minmay_temple_entry_stoned_glass, minmay_fire_ice_demons
D:8:      layout_loops_ring, nemelex_spade_bored_becter,
          minmay_lair_entry_grove, nicolae_ossuary_entry_false_entrances
Temple:   nicolae_temple_slightly_damp_pantheon

Skill      XL: |  1  2  3  4  5  6  7  8  9 |
---------------+----------------------------+-----
Fighting       | 4 5 6 7 8 9 |  9.0
Axes           | 5 6 7 8 |  8.3
Maces & Flails | 1 4 7 9 |  9.5
Invocations    | 1 6 |  6.7
Armour         | 4 |  4.6
Dodging        | |  2.4
Stealth        | |  1.5

Action                   |  1- 3 |  4- 6 |  7- 9 | 10-12 || total
-------------------------+-------+-------+-------+-------++-------
Melee: Hand axe          |   102 |   199 |       |       ||   301
       Punch             |     1 |     2 |     3 |       ||     6
       Dire flail        |       |    18 |    18 |       ||    36
       Flail             |       |       |   135 |     9 ||   144
       War axe           |       |       |    66 |     6 ||    72
Throw: Boomerang         |       |       |     3 |       ||     3
Evoke: Wand              |       |       |     1 |       ||     1
  Use: Scroll            |       |     9 |     3 |       ||    12
       Potion            |       |     3 |     5 |     2 ||    10
 Stab: Sleeping          |     4 |     1 |       |       ||     5
Armor: Leather armour    |    13 |     2 |       |       ||    15
       Chain mail        |       |    70 |       |       ||    70
       Ring mail         |       |     2 |    85 |    11 ||    98
Dodge: Dodged            |    60 |    83 |   116 |    14 ||   273
Block: Other             |       |     5 |    61 |    12 ||    78

Table legend: (Time is in decaauts)
 A = Elapsed time spent in this place.
 B = Non-inter-level travel time spent in this place.
 C = Inter-level travel time spent in this place.
 D = Time resting spent in this place.
 E = Time spent auto-exploring this place.
 F = Levels seen in this place.
 G = Mean time per level.
                   A        B        C        D        E       F      G
               +--------+--------+--------+--------+--------+-----+--------+
         Total |   7706 |   7485 |    221 |   2027 |   4017 |   9 |  856.2 |
       Dungeon |   7644 |   7433 |    211 |   2027 |   3987 |   8 |  955.5 |
        Temple |     61 |     51 |     10 |      0 |     30 |   1 |   61.0 |
               +--------+--------+--------+--------+--------+-----+--------+

Top non-repeatable levels by time:
     D:7: 1645 daAuts
     D:1: 1177 daAuts
     D:5: 1130 daAuts
     D:4: 1032 daAuts
     D:3: 924 daAuts
     D:2: 847 daAuts
     D:6: 840 daAuts
  Temple: 61 daAuts
     D:8: 45 daAuts
